 Dungeon Crawl Stone Soup version 0.27-a0-998-g4cfe56dd59 (webtiles) character file.

Game seed: 8667151093214549974

910 wakim the Ruffian (level 7, -1/68 HPs)
             Began as a Troll Berserker on Apr 16, 2021.
             Was a Priest of Trog.
             Slain by a two-headed ogre
             ... wielding a +0 giant club
              (22 damage)
             ... on level 5 of the Dungeon.
             The game lasted 00:11:29 (3580 turns).

wakim the Ruffian (Troll Berserker)                 Turns: 3580, Time: 00:11:30

Health: -1/68      AC:  5    Str: 27    XL:     7   Next: 81%
Magic:  6/6        EV:  8    Int:  4    God:    Trog [***...]
Gold:   72         SH: 11    Dex:  9    Spells: 6/6 levels left

rFire    . . .     SeeInvis .     - Unarmed
rCold    . . .     Faith    .   c - +2 kite shield {rN+}
rNeg     + . .     Spirit   .   a - +0 animal skin
rPois    .         Reflect  .   (helmet restricted)
rElec    .         Harm     .   l - +0 cloak
rCorr    .         Rampage  .   (gloves unavailable)
Will     .....                  (boots unavailable)
Stlth    +.........             (no amulet)
HPRegen  1.21/turn              (no ring)
MPRegen  0.10/turn              (no ring)

@: on berserk cooldown, slowed, very slow
A: large, unfitting armour, claws 3, regeneration 1, shaggy fur 1, tough skin 1
a: Renounce Religion, Berserk, Trog's Hand


You were on level 5 of the Dungeon.
You worshipped Trog.
Trog was most pleased with you.
You visited 1 branch of the dungeon, and saw 5 of its levels.

You collected 72 gold pieces.

Inventory:

Hand Weapons
 b - a +6 dagger
Missiles
 e - 4 boomerangs (quivered)
 f - a poisoned dart
 i - 3 curare-tipped darts {=f}
Armour
 a - a +0 animal skin (worn)
 c - a +2 kite shield of positive energy (worn)
 g - a +0 tower shield
 l - a +0 cloak (worn)
Jewellery
 k - a ring of positive energy
Wands
 w - a wand of acid (8)
Scrolls
 S - a scroll of summoning
 Y - a scroll of blinking {!r}
Potions
 d - 2 potions of degeneration {!q}
 h - a potion of invisibility
 j - a potion of magic {unknown}
 G - a potion of flight


   Skills:
 + Level 3.9 Fighting
 + Level 3.9 Dodging
 * Level 3.7 Shields
 * Level 6.1 Unarmed Combat


You had 6 spell levels left.
You didn't know any spells.
Your spell library was empty.

Dungeon Overview and Level Annotations

Branches:
Dungeon (5/15)
 Temple: D:4-7

Altars:
Hepliaklqana
Xom

Shops:
D:2 [


Innate Abilities, Weirdness & Mutations

You are too large for most types of armour.
You have claws for hands.
Your natural rate of healing is unusually fast.
You are covered in fur. (AC +1)
You have tough skin. (AC +1)


Message History

There is a stone staircase leading up here.
Found 13 gold pieces.
A two-headed ogre is nearby!
The two-headed ogre shouts in stereo!
A red film seems to cover your vision as you go berserk!
You feel yourself moving faster!
You feel mighty!
You closely miss the two-headed ogre. You claw the two-headed ogre!
The two-headed ogre is moderately wounded.
The two-headed ogre hits you with a +0 giant club!!
The two-headed ogre hits you with a +0 giant club!
You barely miss the two-headed ogre.
The two-headed ogre is moderately wounded.
The two-headed ogre hits you with a +0 giant club!!
* * * LOW HITPOINT WARNING * * *
The two-headed ogre hits you with a +0 giant club!!
* * * LOW HITPOINT WARNING * * *
You claw the two-headed ogre!
The two-headed ogre is moderately wounded.
You completely miss the two-headed ogre.
The two-headed ogre is moderately wounded.
You block the two-headed ogre's attack.
The two-headed ogre hits you with a +0 giant club!
* * * LOW HITPOINT WARNING * * *
You scratch the two-headed ogre.
The two-headed ogre is moderately wounded.
Unknown command.
You feel a strong urge to attack something.
You see here an adder corpse.
You feel your anger nearly subside.
You are no longer berserk.
You are exhausted.
You feel yourself slow down.
Okay, then.
The two-headed ogre barely misses you.
The two-headed ogre hits you with a +0 giant club!
* * * LOW HITPOINT WARNING * * *
You block the two-headed ogre's attack. The two-headed ogre barely misses you.
You block the two-headed ogre's attack.
The two-headed ogre hits you with a +0 giant club!!
You die...

####..............##
#...............#
##..###..........####
##..## ##............#
#..## ##...........#
..## ##..........# .##
##...........# ##
#.).........## ##
##)##....@<.## .###
##)####...O..##
...####.## #.......##
.........## ##.......#
.....##...####.......#
....####...#.....#####
...## ##.......##
....# ##....#.# ##..#
##.###.#


You could see a two-headed ogre.

Vanquished Creatures
  Grinder (D:4)
  Edmund (D:4)
  A black bear (D:4)
  2 ogres
  Crazy Yiuf (D:4)
  A gnoll shaman (D:4)
  Ijyb (D:4)
  2 orc wizards (D:5)
  A hound skeleton (D:4)
  3 gnolls (D:4)
  6 adders
  A shadow imp (D:5)
  An adder skeleton (D:4)
  A worm (D:5)
  7 orcs
  2 ball pythons
  3 bats
  8 endoplasms
  2 giant cockroaches
  11 goblins
  7 hobgoblins
  10 jackals
  6 kobolds
  A quokka (D:3)
  3 rats
83 creatures vanquished.

Vanquished Creatures (others)
  5 fungi (D:4)
5 creatures vanquished.

Grand Total: 88 creatures vanquished

Notes
Turn   | Place    | Note
-------+----------+-------------------------------------------
     0 | D:1      | wakim the Troll Berserker began the quest for the Orb.
     0 | D:1      | Reached XP level 1. HP: 22/22 MP: 0/0
    59 | D:1      | Reached XP level 2. HP: 27/29 MP: 1/1
   239 | D:1      | Found a faded altar of an unknown god.
   539 | D:1      | Reached XP level 3. HP: 36/36 MP: 2/2
   670 | D:2      | Identified a scroll of acquirement
   670 | D:2      | Acquired a +2 kite shield of positive energy
   711 | D:2      | Reached ** piety under Trog
   804 | D:2      | Found Ywesanuz's Armour Shop.
  1368 | D:3      | Noticed an ogre
  1375 | D:3      | Killed an ogre
  1376 | D:3      | Reached skill level 1 in Shields
  1376 | D:3      | Reached skill level 4 in Unarmed Combat
  1376 | D:3      | Reached XP level 4. HP: 19/45 MP: 3/3
  1376 | D:3      | Reached XP level 5. HP: 22/53 MP: 4/4
  1975 | D:3      | Found a shimmering altar of Xom.
  1976 | D:3      | Found a hazy altar of Hepliaklqana.
  1977 | D:3      | Noticed a phantom
  1977 | D:3      | Noticed a spectral ugly thing
  2156 | D:4      | Noticed Grinder
  2162 | D:4      | Paralysed by Grinder for 2 turns
  2432 | D:4      | Noticed Edmund
  2447 | D:4      | Killed Edmund
  2448 | D:4      | Reached XP level 6. HP: 61/61 MP: 5/5
  2544 | D:4      | Reached skill level 5 in Unarmed Combat
  2671 | D:4      | Reached XP level 7. HP: 47/67 MP: 6/6
  2751 | D:4      | Noticed Ijyb
  2764 | D:4      | Killed Ijyb
  2907 | D:4      | Paralysed by Grinder for 2 turns
  2924 | D:4      | Paralysed by Grinder for 3 turns
  2947 | D:4      | Killed Grinder
  3126 | D:4      | Found a runed translucent door.
  3127 | D:4      | Noticed Crazy Yiuf
  3134 | D:4      | Killed Crazy Yiuf
  3266 | D:5      | Entered Level 5 of the Dungeon
  3266 | D:5      | Noticed a two-headed ogre
  3331 | D:5      | Reached skill level 6 in Unarmed Combat
  3335 | D:5      | Reached *** piety under Trog
  3580 | D:5      | Slain by a two-headed ogre

Illustrated notes

Levels and vault maps discovered:
D:1:      dpeg_arrival_central, layout_rooms, hellmonk_ecumenical_altar_zigzags
D:2:      layout_loops_ring, serial_shops, nicolae_shop_trees
D:3:      layout_basic, regret_index_temple_of_mockery
D:4:      kennysheep_the_goblin_king, layout_cave_pools,
          uniq_crazy_yiuf_cottage, uniq_edmund, uniq_ijyb, uniq_grinder
D:5:      layout_layer_cave, minmay_temple_entry_grid

Skill      XL: |  1  2  3  4  5  6  7 |
---------------+----------------------+-----
Fighting       | 3 |  3.9
Dodging        | 3 |  3.9
Shields        | 1 2 3 |  3.7
Unarmed Combat | 4 5 6 |  6.1

Action                   |  1- 3 |  4- 6 |  7- 9 || total
-------------------------+-------+-------+-------++-------
Melee: Unarmed           |    65 |    80 |    77 ||   222
Throw: Dart              |    22 |       |     1 ||    23
       Boomerang         |       |       |     2 ||     2
Invok: Berserk           |     2 |     3 |     4 ||     9
       Trog's Hand       |       |       |     1 ||     1
  Use: Scroll            |     3 |     5 |     3 ||    11
 Stab: Sleeping          |     1 |       |       ||     1
Armor: Animal skin       |    20 |    13 |    10 ||    43
Dodge: Dodged            |    32 |    17 |    13 ||    62
Block: Kite shield       |     8 |    47 |    24 ||    79

Table legend: (Time is in decaauts)
 A = Elapsed time spent in this place.
 B = Non-inter-level travel time spent in this place.
 C = Inter-level travel time spent in this place.
 D = Time resting spent in this place.
 E = Time spent auto-exploring this place.
 F = Levels seen in this place.
 G = Mean time per level.
                   A        B        C        D        E       F      G
               +--------+--------+--------+--------+--------+-----+--------+
         Total |   3680 |   3482 |    198 |    425 |   2303 |   5 |  736.0 |
       Dungeon |   3680 |   3482 |    198 |    425 |   2303 |   5 |  736.0 |
               +--------+--------+--------+--------+--------+-----+--------+

Top non-repeatable levels by time:
     D:3: 1117 daAuts
     D:4: 1044 daAuts
     D:1: 667 daAuts
     D:2: 549 daAuts
     D:5: 301 daAuts
